 Dungeon Crawl Stone Soup version 0.29-a0-1027-gcd8c55af63 (webtiles) character file.

Game seed: 11691260964637109609

849 siradein the Trooper (level 7, -4/64 HPs)
             Began as a Yellow Draconian Berserker on Aug 13, 2022.
             Was an Elder of Trog.
             Slain by Pikel
             ... wielding a +1 whip of freezing
              (9 damage)
             ... on level 4 of the Dungeon.
             The game lasted 00:13:01 (5789 turns).

siradein the Trooper (Yellow Draconian Berserker)   Turns: 5789, Time: 00:13:01

Health: -4/64      AC:  7    Str: 25    XL:     7   Next: 69%
Magic:  7/7        EV: 14    Int:  7    God:    Trog [****..]
Gold:   92         SH:  0    Dex: 13    Spells: 6/6 levels left

rFire   . . .      SeeInvis .   a - +0 falchion
rCold   . . .      Faith    .   (no shield)
rNeg    . . .      Spirit   .   (body armour unavailable)
rPois   .          Reflect  .   (helmet restricted)
rElec   .          Harm     .   c - +0 cloak
rCorr   +          Rampage  .   (no gloves)
Will    ++...                   (no boots)
Stlth   +.........              (no amulet)
HPRegen 1.20/turn               u - +6 ring of strength
MPRegen 0.10/turn               (no ring)

@: short of breath, strong-willed, on berserk cooldown, regenerating, slowed,
very slow
A: spit acid, AC +6, unfitting armour, cold-blooded, acid resistance
a: Breathe Acid, Renounce Religion, Berserk, Trog's Hand, Brothers in Arms


You were on level 4 of the Dungeon.
You worshipped Trog.
Trog was greatly pleased with you.
You visited 1 branch of the dungeon, and saw 4 of its levels.
You also visited: Sewer.

You collected 92 gold pieces.

Inventory:

Hand Weapons
 a - a +0 falchion (weapon)
Missiles
 d - 5 curare-tipped darts (quivered)
Armour
 c - a +0 cloak (worn)
Jewellery
 i - a ring of ice
 u - a +6 ring of strength (left hand)
Scrolls
 b - a scroll of enchant armour {unknown}
 g - a scroll of vulnerability {unknown}
 h - a scroll of silence
 j - 2 scrolls of teleportation {unknown}
 k - a scroll of acquirement {unknown}
 l - a scroll of magic mapping {unknown}
 r - a scroll of blinking {unknown}
 t - a scroll of immolation {unknown}
 v - a scroll of fear {unknown}
Potions
 e - a potion of heal wounds
 f - 4 potions of curing {unknown}
 m - 4 potions of cancellation {unknown}
 n - 2 potions of invisibility {unknown}
 o - 2 potions of might {unknown}
 p - a potion of haste {unknown}
 q - 3 potions of magic {unknown}
 s - a potion of resistance {unknown}
 w - a potion of attraction {unknown}


   Skills:
 + Level 6.4 Fighting
 + Level 5.8 Long Blades
 + Level 5.3 Dodging


You had 6 spell levels left.
You didn't know any spells.
Your spell library was empty.

Dungeon Overview and Level Annotations

Branches:
Dungeon (4/15)              Sewer (visited)
 Temple: D:4-7

Altars:

Shops:
D:1 [

Annotations:
D:2 1 runed translucent door, Crazy Yiuf
D:4 Pikel


Innate Abilities, Weirdness & Mutations

You can spit globs of acid.
Your golden yellow scales are hard. (AC +6)
You cannot fit into any form of body armour.
You are cold-blooded and may be slowed by cold attacks.
You are resistant to acid. (rCorr)


Message History

* * * LOW HITPOINT WARNING * * *
Pikel zaps a wand.
The roots erupt in riotous growth!
The lemure is unaffected.
The grasping roots grab you! The grasping roots constrict you.
* * * LOW HITPOINT WARNING * * *
Unknown command.
Okay, then.
You feel much better. The grasping roots constrict you!
* * * LOW HITPOINT WARNING * * *
The lemure hits you.
* * * LOW HITPOINT WARNING * * *
The grasping roots release their grip on you.
Your skin crawls.
You feel strong-willed. The lemure hits you but does no damage.
The lemure barely misses you.
Pikel zaps a wand.
The roots erupt in riotous growth!
The lemure is unaffected.
The grasping roots grab you!
Pikel is unaffected.
The grasping roots constrict you.
* * * LOW HITPOINT WARNING * * *
You hear a shout!
You closely miss the lemure. You tail-slap the lemure!
The lemure is heavily wounded.
The lemure closely misses you. The grasping roots constrict you!
* * * LOW HITPOINT WARNING * * *
The grasping roots release their grip on you.
Unknown command.
Unknown command.
You completely miss the lemure.
You tail-slap the lemure, but do no damage.
The lemure is heavily wounded.
Unknown command.
Unknown command.
Press: ? - help, Shift-Dir - straight line, f - Pikel
Aim: Pikel, wielding a +1 whip of freezing, wearing a +0 robe and carrying a wand of roots (1) (55% to hit)
You spit a glob of acid.
The glob of acid hits Pikel!
The acid corrodes Pikel!
The acid splashes onto the lemure!
The lemure is splashed with acid!
The acid corrodes the lemure!
Pikel is moderately wounded.
Pikel hits you with a +1 whip of freezing!
You die...

.......#....# #.# #.# ..
###.#.##.#### ###.###.###...
###.#....# #.............
..#.########## #........../##
..#......)†..# #....?......#
..##########.# #...........#
..## ##.#### #.....†.....# ..##.
#.....######.###.##### ####..
#.....@K5.....##.#
####...####.....####....##.#####
................................
####...########.........##......
# ### #.........# ..... #
######....# .... ###### ###


You could see Pikel (corroded) and a lemure (corroded).

Vanquished Creatures
  Grinder (D:4)
  3 kobold brigands (Sewer)
  A scorpion (D:4)
  2 iguanas
  Jessica (D:2)
  An orc wizard (D:3)
  7 adders
  6 river rats
  4 worms
  4 dart slugs
  7 orcs
  10 ball pythons
  4 bats
  10 endoplasms
  4 giant cockroaches
  5 goblins
  10 hobgoblins
  7 jackals
  7 quokkas
  7 frilled lizards
  19 kobolds
  31 rats
  A spectral hobgoblin (D:1)
152 creatures vanquished.

Notes
Turn   | Place    | Note
-------+----------+-------------------------------------------
     0 | D:1      | siradein the Draconian Berserker began the quest for the
                  | Orb.
     0 | D:1      | Reached XP level 1. HP: 19/19 MP: 1/1
   236 | D:1      | Reached XP level 2. HP: 8/26 MP: 2/2
   756 | D:1      | Found Numpyuw's Armour Boutique.
   761 | D:1      | HP: 1/27 [poisoned by a goblin (curare-tipped dart)]
  1142 | D:1      | Found a faded altar of an unknown god.
  1220 | D:1      | Reached ** piety under Trog
  1221 | D:1      | Reached XP level 3. HP: 24/32 MP: 3/3
  2078 | D:2      | Reached skill level 4 in Fighting
  2171 | D:2      | Noticed Jessica
  2177 | D:2      | Killed Jessica
  2178 | D:2      | Reached XP level 4. HP: 40/40 MP: 4/4
  2883 | D:2      | Found a runed translucent door.
  2884 | D:2      | Noticed Crazy Yiuf
  2914 | D:2      | Reached *** piety under Trog
  3057 | D:3      | Reached XP level 5. HP: 43/47 MP: 5/5
  3620 | D:3      | Found a glowing drain.
  3628 | Sewer    | Entered a sewer
  3959 | Sewer    | Reached skill level 5 in Fighting
  4065 | Sewer    | Reached XP level 6. HP: 47/56 MP: 6/6
  4076 | Sewer    | Reached **** piety under Trog
  4677 | Sewer    | Reached skill level 5 in Long Blades
  4979 | D:3      | Your scales start taking on a golden yellow colour.
  4979 | D:3      | Reached XP level 7. HP: 35/62 MP: 7/7
  4979 | D:3      | Gained mutation: You are resistant to acid. (rCorr) [Yellow
                  | Draconian growth]
  5751 | D:4      | Noticed Grinder
  5766 | D:4      | Noticed Pikel
  5768 | D:4      | Killed Grinder
  5769 | D:4      | Reached skill level 6 in Fighting
  5769 | D:4      | Reached skill level 5 in Dodging
  5787 | D:4      | HP: 1/64 [constriction (11)]
  5789 | D:4      | Slain by Pikel

Illustrated notes

Levels and vault maps discovered:
D:1:      amcnicky_arrival_double_pillar, layout_basic, serial_shops, shop,
          dreamdust_ecumenical_altar_drowned_temple, minmay_pentomino_t4
D:2:      layout_rooms, uniq_crazy_yiuf_cottage, uniq_jessica
D:3:      layout_basic, lightli_sewer_entry_pipes, columned_hall_lemuel
D:4:      layout_basic, grunt_decor_one_mirror, uniq_pikel, uniq_grinder,
          uniq_blork_the_orc

Skill      XL: |  1  2  3  4  5  6  7 |
---------------+----------------------+-----
Dodging        | 3 4 5 |  5.3
Fighting       | 4 5 6 |  6.4
Long Blades    | 4 5 |  5.8

Action                   |  1- 3 |  4- 6 |  7- 9 || total
-------------------------+-------+-------+-------++-------
Melee: Falchion          |   142 |   344 |    65 ||   551
       Tailslap          |    17 |    40 |     9 ||    66
       Punch             |     1 |     5 |     1 ||     7
Invok: Berserk           |       |     5 |     1 ||     6
       Trog's Hand       |       |       |     1 ||     1
 Abil: Breathe Acid      |       |       |     7 ||     7
  Use: Scroll            |       |     2 |       ||     2
       Potion            |       |       |     1 ||     1
 Stab: Sleeping          |       |       |     1 ||     1
Armor: Skin              |    46 |   131 |    20 ||   197
Dodge: Dodged            |   113 |   297 |    49 ||   459

Table legend: (Time is in decaauts)
 A = Elapsed time spent in this place.
 B = Non-inter-level travel time spent in this place.
 C = Inter-level travel time spent in this place.
 D = Time resting spent in this place.
 E = Time spent auto-exploring this place.
 F = Levels seen in this place.
 G = Mean time per level.
                   A        B        C        D        E       F      G
               +--------+--------+--------+--------+--------+-----+--------+
         Total |   5966 |   5857 |    109 |      0 |   4635 |   5 | 1193.2 |
       Dungeon |   4655 |   4546 |    109 |      0 |   3552 |   4 | 1163.8 |
         Sewer |   1311 |   1311 |      0 |      0 |   1082 |   1 | 1311.0 |
               +--------+--------+--------+--------+--------+-----+--------+

Top non-repeatable levels by time:
     D:1: 2077 daAuts
   Sewer: 1311 daAuts
     D:3: 1260 daAuts
     D:2: 992 daAuts
     D:4: 324 daAuts
